Map: Acid Plant LE

Players

lIIllllIIlll (INnoVation) - Winner!

  • Race: Terran Terran
  • League: Master
  • Spawn Location: 11:00

Lambo

  • Race: Zerg Zerg
  • League: Master
  • Spawn Location: 5:00

Event: HomeStory Cup XVII

VOD

Have the link to the VOD?

Description

Time

  • Played on: July 1, 2018, 4:42 p.m.
  • Length: 13:40

All games in this series

Show
View Real Time Build Order
Export as new Build Order

lIIllllIIlll Terran - Winner!

Build Orders: Reaper Expand, Bio Tank 

Get SALT Encoding   

  12  0:00  SCV  
  13  0:13  SCV  
  14  0:17  Supply Depot  
  14  0:25  SCV  
  15  0:38  SCV  
  15  0:40  Barracks  
  16  0:43  Refinery  
  16  0:50  SCV  
  17  1:03  SCV  
  18  1:15  SCV  
  19  1:27  Orbital Command, Reaper  
  20  1:39  Command Center  
  20  1:50  Supply Depot  
  20  1:53  SCV  
  21  1:59  Marine  
  22  2:05  SCV  
  23  2:08  Factory  
  23  2:14  Refinery  
  23  2:17  SCV  
  23  2:20  Barracks Reactor  
  24  2:29  SCV  
  25  2:41  SCV  
  26  2:52  Orbital Command  
  26  2:53  SCV  
  26  2:54  Starport  
  27  2:59  Hellion  
  27  3:00  Hellion  
  27  3:04  Barracks Tech Lab  
  27  3:05  SCV  
  32  3:17  SCV x2  
  34  3:21  Hellion  
  34  3:24  Stimpack, Marine  
  37  3:29  SCV  
  37  3:30  SCV  
  37  3:32  Viking  
  41  3:39  Supply Depot  
  41  3:41  SCV  
  41  3:42  SCV  
  43  3:50  Barracks  
  43  3:51  Factory Tech Lab  
  43  3:52  Marine  
  44  3:56  Barracks, SCV x2  
  44  4:00  Engineering Bay  
  46  4:03  Starport Reactor  
  46  4:08  SCV x2  
  47  4:11  Supply Depot  
  48  4:18  Refinery  
  48  4:20  SCV x2  
  48  4:21  Siege Tank  
  52  4:24  Supply Depot  
  52  4:28  Terran Infantry Weapons Level 1  
  52  4:32  SCV  
  52  4:33  SCV  
  52  4:34  Marine  
  55  4:39  Marine  
  55  4:42  Supply Depot, Marine  
  57  4:46  Starport Reactor, SCV x2  
  57  4:51  Marine x2  
  61  4:53  Siege Tank  
  61  4:59  Marine x3  
  66  5:05  Supply Depot  
  67  5:07  Supply Depot, SCV  
  67  5:08  SCV  
  67  5:09  Marine x2  
  67  5:12  Refinery  
  71  5:22  Medivac x2, Marine  
  71  5:23  Marine x2  
  71  5:26  Combat Shields, Marine  
  71  5:27  Marine  
  80  5:30  Supply Depot, SCV x2  
  82  5:41  Siege Tank  
  82  5:42  Supply Depot, Marine x3  
  86  5:44  Marine x2  
  90  5:56  SCV x2  
  92  5:57  Supply Depot  
  92  6:00  Medivac, Marine x3  
  92  6:02  Medivac, Marine x2  
  98  6:15  Siege Tank  
  98  6:18  Supply Depot, Marine x3  
  103  6:20  Marine x2  
  106  6:30  Medivac  
  108  6:33  Supply Depot, Terran Infantry Armor Level 1  
  108  6:35  Supply Depot  
  108  6:36  Marine x3  
  108  6:38  Marine x2  
  111  6:41  Medivac  
  88  6:54  Marine x3  
  88  6:56  Marine x2  
  88  6:58  SCV x2  
  88  6:59  Siege Tank  
  89  7:10  Medivac  
  89  7:11  Medivac  
  89  7:12  Marine x3  
  89  7:13  Marine  
  87  7:18  Marine  
  85  7:24  Liberator  
  85  7:29  Marine  
  85  7:30  Marine x2  
  85  7:31  Marine  
  85  7:35  Marine  
  85  7:36  Siege Tank  
  93  7:43  Medivac  
  98  7:47  Marine x2  
  98  7:48  Marine  
  98  7:49  Marine  
  102  7:53  Marine  
  102  7:55  Liberator  
  103  7:58  Command Center  
  103  8:05  Marine x3  
  103  8:07  Marine  
  103  8:11  Marine  
  103  8:12  Siege Tank  
  94  8:23  Marine x3  
  94  8:25  Marine  
  91  8:29  Marine  
  90  8:41  Marine x3  
  91  8:42  Marine  
  91  8:45  Liberator  
  91  8:46  Engineering Bay, Armory, Liberator  
  91  8:47  Marine, Siege Tank  
  98  8:54  SCV x2, Barracks  
  100  8:55  Barracks  
  100  8:59  Marine x3  
  100  9:00  Marine  
  107  9:05  Marine  
  107  9:06  SCV x2  
  110  9:16  Marine  
  107  9:24  Orbital Command  
  107  9:30  Siege Tank  
  110  9:33  Marine x4  
  110  9:34  Marine  
  115  9:39  Terran Infantry Weapons Level 2  
  115  9:40  Terran Infantry Armor Level 2  
  115  9:43  Marine  
  115  9:44  Marine  
  117  9:51  Marine x3  
  115  9:54  Marine x2  
  108  10:01  Marine  
  108  10:05  Siege Tank  
  110  10:17  Marine x2  
  110  10:18  Marine x3  
  94  10:30  SCV x2  
  94  10:33  Barracks Reactor  
  92  10:37  Barracks Reactor, Siege Tank  
  92  10:40  Liberator  
  92  10:42  Marine x5, SCV x2  
  101  10:52  Refinery  
  101  10:53  Refinery  
  101  10:54  SCV x2  
  103  11:00  Marine x3  
  103  11:04  Marine x2  
  109  11:06  SCV  
  109  11:07  SCV  
  99  11:15  Marine  
  99  11:16  Medivac  
  99  11:17  Marine  
  99  11:18  Marine x2  
  105  11:19  SCV x2  
  105  11:20  SCV  
  105  11:21  Marine x3  
  105  11:22  Marine x2  
  105  11:24  Siege Tank  
  116  11:31  SCV x2  
  119  11:32  SCV  
  119  11:35  Marine x3  
  119  11:36  Marine  
  119  11:39  Marine x3  
  126  11:41  Medivac  
  126  11:43  SCV x2  
  126  11:46  Medivac, Marine x2  
  133  11:52  SCV  
  133  11:53  Marine x4  
  138  11:55  SCV x2  
  138  11:57  Marine x3  
  143  12:04  Marine  
  143  12:06  Marine  
  140  12:11  Marine x3, SCV x3  
  127  12:18  Marine x2  
  127  12:19  Marine  
  127  12:22  Siege Tank  
  133  12:23  SCV x3  
  133  12:27  Marine x2  
  135  12:31  Medivac x2  
  135  12:37  SCV x3  
  132  12:44  Marine  
  132  12:45  Marine  
  130  12:57  Siege Tank  
  127  12:58  SCV  
  127  12:59  SCV x2  
  127  13:01  Medivac x2  
  134  13:06  Marine x3  
  137  13:18  Marine  
Show
View Real Time Build Order
Export as new Build Order

Lambo Zerg 

Build Orders: Hatch First 

Get SALT Encoding   

  12  0:00  Drone  
  13  0:12  Overlord  
  13  0:17  Drone  
  14  0:31  Drone x2  
  16  0:48  Hatchery  
  15  0:51  Drone  
  15  0:55  Drone  
  17  0:57  Drone  
  18  1:08  Extractor  
  17  1:12  Spawning Pool  
  17  1:16  Drone  
  17  1:20  Drone  
  18  1:29  Drone  
  19  1:41  Drone  
  20  1:50  Overlord  
  20  1:59  Queen x2  
  24  2:02  Zergling x4  
  26  2:11  Drone x2  
  28  2:24  Hatchery  
  28  2:27  Drone  
  28  2:30  Drone  
  28  2:33  Drone  
  30  2:37  Metabolic Boost  
  30  2:39  Drone  
  31  2:47  Queen  
  31  2:49  Drone  
  34  2:53  Overlord  
  34  2:56  Drone  
  35  2:59  Drone  
  36  3:13  Queen, Drone x2  
  36  3:15  Drone x2  
  36  3:17  Overlord  
  43  3:20  Drone  
  43  3:27  Drone  
  44  3:34  Queen  
  44  3:35  Overlord  
  44  3:36  Queen  
  48  3:42  Drone x3  
  48  3:46  Drone  
  48  3:47  Drone x2  
  54  3:53  Queen  
  54  3:54  Drone  
  57  3:56  Drone  
  57  4:00  Overlord  
  57  4:01  Zergling x2  
  59  4:04  Zergling x2  
  59  4:05  Zergling x2  
  59  4:07  Drone x2  
  63  4:10  Overlord  
  63  4:15  Lair  
  63  4:18  Zergling x4  
  63  4:22  Baneling Nest, Drone  
  63  4:23  Drone  
  66  4:27  Overlord  
  66  4:28  Extractor  
  66  4:29  Extractor  
  64  4:32  Drone x3  
  64  4:35  Drone x2  
  64  4:37  Drone  
  70  4:42  Drone x2  
  70  4:44  Overlord, Drone x2  
  74  4:49  Evolution Chamber  
  74  4:51  Drone x2  
  75  4:53  Drone x2  
  75  4:58  Overlord  
  77  5:00  Overlord  
  77  5:02  Queen  
  77  5:04  Queen  
  82  5:07  Drone x2  
  82  5:10  Overlord  
  83  5:14  Centrifical Hooks  
  83  5:19  Zergling x10  
  88  5:26  Zergling x10  
  93  5:32  Zergling x8  
  93  5:33  Baneling x7  
  97  5:36  Zergling x4  
  97  5:39  Zergling x4  
  97  5:41  Baneling x2  
  97  5:42  Queen  
  102  5:45  Queen  
  102  5:46  Zergling x2  
  102  5:48  Baneling x3  
  105  5:51  Baneling x5  
  105  5:54  Overlord  
  105  5:55  Overlord  
  105  6:08  Zergling x16  
  100  6:12  Queen  
  100  6:14  Zergling x6  
  100  6:16  Zergling x4  
  100  6:18  Queen  
  109  6:23  Zergling x4  
  111  6:29  Zergling x2  
  111  6:30  Zergling x4  
  112  6:35  Baneling x7  
  112  6:36  Overlord  
  103  6:47  Zergling x14  
  103  6:54  Zergling x8  
  101  6:56  Zergling x6  
  101  7:01  Zergling x2  
  96  7:05  Zergling x4  
  96  7:07  Queen x3  
  95  7:13  Zergling x4  
  84  7:16  Zergling x2  
  84  7:22  Zergling x2  
  81  7:24  Baneling  
  81  7:25  Baneling x6, Zergling x4  
  83  7:30  Baneling  
  83  7:31  Zerg Ground Armor Level 1  
  83  7:35  Evolution Chamber  
  83  7:36  Hatchery  
  81  7:39  Zergling x2, Hatchery  
  81  7:40  Zergling x10  
  81  7:41  Baneling x4  
  81  7:42  Queen x3  
  93  7:45  Zergling x4  
  95  7:52  Zergling x2  
  95  7:57  Zergling x8  
  100  8:00  Baneling x9  
  100  8:02  Zergling x2  
  100  8:03  Zergling x2  
  98  8:06  Zergling x2  
  98  8:09  Zergling x6  
  85  8:15  Zergling x2  
  85  8:17  Zergling x4  
  85  8:23  Zergling x8  
  86  8:28  Queen x2  
  86  8:29  Zergling x4  
  86  8:30  Zerg Melee Weapons Level 1  
  87  8:34  Zergling x2  
  87  8:36  Queen  
  87  8:39  Baneling x10  
  87  8:40  Zergling x4  
  90  8:42  Baneling  
  90  8:43  Baneling x2, Zergling x6  
  93  8:52  Zergling x12  
  93  8:55  Baneling x3  
  99  8:59  Zergling x4  
  102  9:02  Zergling x2  
  102  9:03  Queen  
  102  9:04  Zergling x4  
  102  9:06  Zergling x4  
  105  9:13  Zergling x2  
  105  9:16  Zergling x6  
  101  9:19  Zergling x12  
  101  9:30  Zergling x10  
  101  9:31  Baneling x6  
  106  9:32  Zergling x2  
  106  9:37  Zergling x2  
  105  9:40  Zergling x4  
  100  9:47  Zergling x2  
  100  9:48  Zergling x2  
  100  9:50  Baneling x6, Zergling x2  
  100  9:52  Zergling x4  
  101  9:53  Baneling  
  101  9:54  Baneling x5  
  101  9:56  Zergling x6  
  99  10:03  Zergling x14  
  99  10:07  Queen  
  96  10:08  Zergling x2  
  99  10:15  Zergling x6  
  99  10:18  Zergling x4  
  102  10:27  Zergling x2  
  102  10:28  Zergling x4  
  94  10:34  Zergling x2  
  92  10:38  Zerg Ground Armor Level 2  
  92  10:41  Zergling x8  
  94  10:46  Baneling x6  
  94  10:47  Hatchery, Zergling x4  
  96  10:50  Zergling x2  
  96  10:53  Zergling x2  
  94  10:59  Drone  
  94  11:02  Drone  
  96  11:08  Zergling x4  
  95  11:12  Queen, Zerg Melee Weapons Level 2  
  95  11:14  Queen  
  95  11:16  Zergling x4  
  101  11:20  Zergling x2  
  101  11:22  Zergling x2  
  101  11:23  Baneling x5  
  101  11:24  Baneling  
  103  11:29  Zergling x8  
  103  11:32  Infestation Pit  
  106  11:36  Zergling x4  
  106  11:39  Zergling x2  
  108  11:43  Drone x2  
  110  11:48  Queen  
  110  11:49  Zergling x2  
  110  11:51  Baneling x8  
  110  11:52  Zergling x2  
  113  11:54  Zergling x2  
  113  11:59  Zergling x2  
  109  12:05  Zergling x2  
  109  12:06  Zergling x12  
  109  12:10  Zergling x6  
  95  12:20  Zergling x4  
  95  12:22  Zergling x4  
  86  12:33  Zergling x6  
  86  12:35  Baneling  
  86  12:36  Baneling x2  
  88  12:42  Zergling x6  
  82  12:58  Zergling x6  
  80  13:00  Zergling x2  
  80  13:01  Zergling x6  
  80  13:02  Baneling x4  
  84  13:06  Zergling x6  
  84  13:09  Zergling x6  
  89  13:18  Zergling x6  
  89  13:19  Baneling  
  84  13:20  Baneling x6  
  84  13:23  Baneling x6  
Tags
 
Add a new tag
Caveats
  • Supply blocks, unpowered buildings, or Contaminate may cause inaccurate times.
  • Supply counts are checked every 10 seconds.